 Dungeon Crawl Stone Soup version 0.23-a0-619-g281719c (webtiles) character file.

568 Matador8 the Grave Robber (level 7, -2/46 HPs)
             Began as a Human Necromancer on Dec 22, 2018.
             Slain by a black bear (3 damage)
             ... on level 5 of the Dungeon on Dec 23, 2018.
             The game lasted 00:39:59 (6301 turns).

Matador8 the Grave Robber (Human Necromancer)       Turns: 6301, Time: 00:39:59

Health: -2/46      AC:  5    Str:  9    XL:     7   Next: 59%
Magic:  0/12       EV: 12    Int: 16    God:
Gold:   258        SH:  0    Dex: 14    Spells: 3/12 levels left

rFire    . . .     SeeInvis .   m - +1 flail (protect)
rCold    . . .     Gourm    .   (no shield)
rNeg     . . .     Faith    +   e - +0 leather armour
rPois    .         Spirit   .   h - +0 helmet
rElec    .         Reflect  .   (no cloak)
rCorr    .         Harm     .   (no gloves)
MR       .....                  d - +0 pair of boots
Stlth    ++........             n - amulet of faith
HPRegen  0.15/turn              (no ring)
MPRegen  0.13/turn              (no ring)

@: no status effects
A: no striking features
a: no special abilities


You were on level 5 of the Dungeon.
You were not hungry.

You visited 2 branches of the dungeon, and saw 6 of its levels.

You collected 258 gold pieces.

Inventory:

Hand Weapons
 a - a +0 whip
 b - a +0 blowgun
 m - a +1 flail of protection (weapon)
 C - a +4 antimagic dagger
Missiles
 v - 4 poisoned needles
Armour
 d - a +0 pair of boots (worn)
 e - a +0 leather armour (worn)
 h - a +0 helmet (worn)
 A - a +0 ring mail
 B - the +0 chain mail of the Many Coins {Slay+2, unknown}
   (You found it on level 4 of the Dungeon)

   It affects your accuracy and damage with ranged weapons and melee attacks
   (+2).
 D - a +0 plate armour
Jewellery
 n - an amulet of faith (around neck)
 G - an uncursed ring of fire {unknown}
Wands
 y - a wand of disintegration (13)
Scrolls
 f - 5 scrolls of remove curse
 g - a scroll of immolation {unknown}
 i - 2 scrolls of blinking {unknown}
 o - 3 scrolls of random uselessness {unknown}
 q - 3 scrolls of noise {unknown}
 r - 3 scrolls of magic mapping {unknown}
 w - 4 scrolls of identify {unknown}
 E - a scroll of fog {unknown}
 F - a scroll of amnesia {unknown}
 H - a scroll of enchant weapon {unknown}
 I - a scroll of enchant armour {unknown}
Potions
 j - 2 potions of heal wounds {unknown}
 k - a potion of degeneration {unknown}
 l - a potion of flight {unknown}
 p - a potion of cancellation {unknown}
 s - a potion of agility {unknown}
 t - 2 potions of curing {unknown}
 u - 2 potions of lignification {unknown}
 x - a potion of mutation {unknown}
 z - 2 potions of brilliance {unknown}
Comestibles
 c - 5 rations
 J - 4 chunks of flesh


   Skills:
 + Level 4.3 Maces & Flails
 - Level 2.0 Dodging
 - Level 3.1 Stealth
 + Level 3.3 Spellcasting
 - Level 6.2 Necromancy


You had 3 spell levels left.
You knew the following spells:

 Your Spells              Type           Power        Failure   Level  Hunger
a - Pain                  Necr           ###.         1%          1    None
b - Animate Skeleton      Necr           N/A          1%          1    None
c - Vampiric Draining     Necr           ###.......   6%          3    ###....
d - Animate Dead          Necr           N/A          21%         4    ####...

Your spell library contained the following spells:

 Spells                   Type           Power        Failure   Level  Hunger
 Regeneration             Chrm/Necr      ##........   22%         3    ###....


Dungeon Overview and Level Annotations

Branches:
Dungeon (5/15)             Temple (1/1) D:5

Altars:
Ashenzari
Dithmenos
Elyvilon
Fedhas
Makhleb
Qazlal
Ru
Sif Muna
Uskayaw
Xom
Zin
The Shining One

Shops:
D:5 **


Message History

Casting: Pain (safe; 1% risk of failure)
Confirm with . or Enter, or press ? or * to list all spells.
Aiming: Pain (safe; 1% risk of failure)
Press: ? - help, Shift-Dir - straight line, f/p - black bear
Aim: a black bear (severely wounded, berserk, fast, unusually strong, chance to The black bear writhes in agony!
The black bear bites you but does no damage.
The black bear claws you but does no damage.
The black bear closely misses you. x2; The black bear barely misses you.
The black bear closely misses you. The black bear bites you.
* * * LOW HITPOINT WARNING * * *
The black bear claws you.
* * * LOW HITPOINT WARNING * * *
The black bear claws you.
* * * LOW HITPOINT WARNING * * *
The black bear bites you.
* * * LOW HITPOINT WARNING * * *
The black bear claws you.
You die...

######### #........
#.######.
##########.# #.
#.ho.......### #.
##@#######.....# #o
#...##...##.###.##.
+.⌠....⌠.<### #...
#...##...### #.##
### ##.#######.##
##o# #.#
##.#####....###.###
#.#
#...##.............
#.#
#.⌠.##.#.......####
#.#
#...##.#.......# #.


You could see a black bear (berserk) and an orc.

Vanquished Creatures
  A sky beast (D:5)
  A centaur zombie (D:5)
  A hound (D:5)
  An orc priest (D:5)
  3 worker ants
  3 orc wizards
  A worker ant zombie (D:5)
  5 adders
  A shadow imp (D:5)
  An adder zombie (D:5)
  An adder skeleton (D:5)
  2 worms
  2 dart slugs
  3 leopard geckos
  12 orcs
  3 giant cockroaches (D:3)
  4 goblins
  4 hobgoblins
  2 jackals (D:1)
  4 kobolds
  A quokka (D:3)
  A bat (D:2)
  4 frilled lizards
  A jackal zombie (D:5)
  2 rats
64 creatures vanquished.

Vanquished Creatures (collateral kills)
  2 orc wizards (D:4)
  A worker ant (D:4)
  2 adders (D:5)
  A shadow imp (D:5)
  A dart slug (D:1)
  A leopard gecko (D:4)
  4 orcs
  2 goblins (D:2)
  A hobgoblin (D:2)
  A jackal (D:1)
16 creatures vanquished.

Grand Total: 80 creatures vanquished

Notes
Turn   | Place    | Note
-------+----------+-------------------------------------------
     0 | D:1      | Matador8 the Human Necromancer began the quest for the Orb.
     0 | D:1      | Reached XP level 1. HP: 13/13 MP: 3/3
    64 | D:1      | Learned a level 1 spell: Animate Skeleton
   307 | D:1      | Reached XP level 2. HP: 7/19 MP: 3/5
  1360 | D:2      | Reached XP level 3. HP: 17/24 MP: 3/6
  1654 | D:2      | Learned a level 3 spell: Vampiric Draining
  2758 | D:3      | Reached skill level 5 in Necromancy
  2758 | D:3      | Reached XP level 4. HP: 21/30 MP: 2/7
  3352 | D:4      | Reached skill level 1 in Maces & Flails
  3352 | D:4      | Reached XP level 5. HP: 32/35 MP: 2/8
  3690 | D:4      | Got a steaming chain mail
  3750 | D:4      | Reached XP level 6. HP: 25/41 MP: 0/9
  4037 | D:4      | Reached skill level 6 in Necromancy
  4980 | D:5      | Entered Level 5 of the Dungeon
  5474 | D:5      | Found a staircase to the Ecumenical Temple.
  5494 | Temple   | Entered the Ecumenical Temple
  5744 | D:5      | Found Ypedir's Elemental Accessories.
  5764 | D:5      | Learned a level 4 spell: Animate Dead
  5791 | D:5      | Found Luatiq's Lightly-Used Armoury.
  5805 | D:5      | Reached XP level 7. HP: 44/46 MP: 10/10
  5932 | D:5      | Found a shimmering altar of Xom.
  5934 | D:5      | Found a shimmering altar of Xom.
  5934 | D:5      | Found a shimmering altar of Xom.
  5942 | D:5      | Found a shimmering altar of Xom.
  6112 | D:5      | Found a shimmering altar of Xom.
  6301 | D:5      | HP: 1/46 [black bear (5)]
  6301 | D:5      | Slain by a black bear

Vault maps used:
D:1:      minmay_arrival_four_circles
D:4:      first_ration
D:5:      lightli_temple_of_fire, xom_redecorated,
          minmay_temple_entry_sparse_star, grunt_ministairs_5, minivault_11,
          st_stairs_11, nicolae_elemental_shop, minmay_holes,
          minmay_shop_damaged
Temple:   bh_familiar_temple

Skill      XL: |  1  2  3  4  5  6  7 |
---------------+----------------------+-----
Stealth        | 3 |  3.1
Necromancy     | 5 6 |  6.2
Maces & Flails | 1 2 3 4 |  4.3
Spellcasting   | 3 |  3.3
Dodging        | |  2.0

Action                   |  1- 3 |  4- 6 |  7- 9 || total
-------------------------+-------+-------+-------++-------
Melee: Whip              |    60 |    20 |       ||    80
       Flail             |       |    75 |    59 ||   134
 Cast: Pain              |    49 |    41 |     9 ||    99
       Animate Skeleton  |     7 |     8 |     3 ||    18
       Vampiric Draining |       |    11 |     5 ||    16
       Animate Dead      |       |       |     4 ||     4
  Use: Scroll            |       |     1 |       ||     1
 Stab: Sleeping          |     5 |     2 |     2 ||     9
  Eat: Chunk             |     6 |     6 |       ||    12
       Ration            |       |     2 |     1 ||     3
Armor: Leather armour    |    24 |    31 |    33 ||    88
Dodge: Dodged            |    43 |    80 |    66 ||   189

Table legend:
 A = Non-vault XP
 B = Vault XP
 C = Vault XP percentage of total XP
 D = Non-vault monster count
 E = Vault monster count
 F = Vault count percentage of total count
                 A         B        C        D         E       F
            +---------+---------+-------+---------+---------+-------
      Total |     793 |      19 |   2.3 |      77 |       3 |   3.8
            +---------+---------+-------+---------+---------+-------
        D:1 |      20 |       0 |   0.0 |       9 |       0 |   0.0
        D:2 |      28 |       0 |   0.0 |      15 |       0 |   0.0
        D:3 |      57 |       0 |   0.0 |      11 |       0 |   0.0
        D:4 |     279 |       0 |   0.0 |      18 |       0 |   0.0
        D:5 |     409 |      19 |   4.4 |      24 |       3 |  11.1
            +---------+---------+-------+---------+---------+-------
